 Dungeon Crawl Stone Soup version bcrawl-1.19.2-6-g6a88ae04c9 (webtiles) character file.

Game seed: 16133108300811070733

76 Mrkan the Cutter (level 4, -4/34 HPs)
             Began as a Gnoll Wanderer on Dec 21, 2019.
             Slain by Crazy Yiuf
             ... wielding a +2 quarterstaff of chaos
              (19 damage)
             ... on level 3 of the Dungeon.
             The game lasted 00:03:53 (2591 turns).

Mrkan the Cutter (Gnoll Wanderer)                   Turns: 2591, Time: 00:03:53

Health: -4/34      AC:  8    Str: 15    XL:     4   Next: 32%
Magic:  5/5        EV:  5    Int: 17    God:
Gold:   210        SH:  7    Dex: 12    Spells: 5/5 levels left

rFire    . . .     SeeInvis .   d - +0 dagger
rCold    . . .     Gourm    .   q - +0 shield
rNeg     . . .     Faith    .   m - +0 chain mail
rPois    .         Spirit   .   (no helmet)
rElec    .         Reflect  .   (no cloak)
rCorr    .         Harm     .   (no gloves)
MR       .....                  (no boots)
Stlth    ..........             (no amulet)
HPRegen  0.11/turn              (no ring)
MPRegen  0.09/turn              (no ring)

@: lightly drained
A: distributed training, fangs 1, strong nose
a: no special abilities


You were on level 3 of the Dungeon.
You were not hungry.

You visited 1 branch of the dungeon, and saw 3 of its levels.

You collected 210 gold pieces.

Inventory:

Hand Weapons
 d - a +0 dagger (weapon)
Armour
 m - a +0 chain mail (worn)
 q - a +0 shield (worn)
Jewellery
 o - an uncursed amulet of the gourmand {unknown}
Wands
 p - a wand of random effects (4)
Scrolls
 c - 3 scrolls of teleportation
 e - 5 scrolls of identify {unknown}
 j - a scroll of remove curse {unknown}
 k - a scroll of amnesia {unknown}
 l - a scroll of fog {unknown}
Potions
 a - a potion of invisibility {unknown}
 b - a potion of flight {unknown}
 g - a potion of resistance {unknown}
 h - a potion of agility {unknown}
 i - a potion of might {unknown}
 n - 2 potions of mutation {unknown}
Comestibles
 f - 7 rations {!d}


   Skills:
 + Level 2.7(2.4) Fighting
 + Level 6.6(6.2) Short Blades
 + Level 1.1(0.8) Long Blades
 + Level 1.1(0.8) Axes
 + Level 1.1(0.8) Maces & Flails
 + Level 1.1(0.8) Polearms
 + Level 1.1(0.8) Staves
 + Level 1.1(0.8) Slings
 + Level 1.1(0.8) Bows
 + Level 1.1(0.8) Crossbows
 + Level 4.6(4.3) Throwing
 + Level 1.1(0.8) Armour
 + Level 4.6(4.3) Dodging
 + Level 4.6(4.3) Stealth
 + Level 1.1(0.8) Shields
 + Level 1.1(0.8) Unarmed Combat
 + Level 1.1(0.8) Spellcasting
 + Level 0.8(0.6) Conjurations
 + Level 0.8(0.6) Hexes
 + Level 0.8(0.6) Charms
 + Level 0.8(0.6) Summonings
 + Level 0.8(0.6) Necromancy
 + Level 0.8(0.6) Translocations
 + Level 0.8(0.6) Transmutations
 + Level 0.8(0.6) Fire Magic
 + Level 0.8(0.6) Ice Magic
 + Level 0.8(0.6) Air Magic
 + Level 0.8(0.6) Earth Magic
 + Level 0.8(0.6) Poison Magic
 + Level 1.2(0.9) Invocations
 + Level 1.1(0.8) Evocations


You had 5 spell levels left.
You didn't know any spells.
Your spell library was empty.

Dungeon Overview and Level Annotations

Branches:
Dungeon (3/12)

Altars:
Gozag
Kikubaaqudgha
Xom
The Shining One

Annotations:
D:3 Crazy Yiuf


Innate Abilities, Weirdness & Mutations

Your experience applies equally to all skills.
You have very sharp teeth.
Your uncanny sense of smell can sniff out nearby items.


Message History

Found a mace.
There is an open door here.
You hit Crazy Yiuf but do no damage. You block Crazy Yiuf's attack.
You hit Crazy Yiuf but do no damage.
Crazy Yiuf hits you with a +2 quarterstaff of chaos!
Crazy Yiuf freezes you.
You closely miss Crazy Yiuf. Your bite misses Crazy Yiuf.
You hit Crazy Yiuf but do no damage.
Crazy Yiuf hits you with a +2 quarterstaff of chaos.
You feel drained.
You hit Crazy Yiuf but do no damage. You bite Crazy Yiuf, but do no damage.
Crazy Yiuf says, "Rifle turtle head!"
Crazy Yiuf completely misses you.
Your shield and chain mail prevent you from hitting Crazy Yiuf.
Your bite misses Crazy Yiuf. You hit Crazy Yiuf but do no damage.
Crazy Yiuf barely misses you.
You closely miss Crazy Yiuf. Crazy Yiuf hits you but does no damage.
Space warps horribly around you!!
Ouch! That really hurt!
You die...

##..#####.##.#
#.#############.
#.#.## #.##.#
#..>..# #.
.###.# #.####
#####.# #.
#.#.## #.# #.#
####. ##.## #.#
##### #.# #....
#.# #.# #..)#
#.# ###.##) #.#
#.# #...# #.#
#...... #.#
###.## #.g.#
#.####)##... #.#
#....# #@#
#......#<.^.
#.####....# ##.#
#.####..#...
#.........# #.##
#...........
######....# ##.#
#.#####.#.##
#....# #.## #.#
##.## ######
##.## #.# ###
#.P.## #.#
#.P.P# #.#
#....# #.#


You could see Crazy Yiuf.

Vanquished Creatures
  A centaur skeleton (D:2)
  An ooze (D:2)
  2 worms
  2 leopard geckos (D:3)
  A giant cockroach (D:1)
  6 goblins
  4 hobgoblins
  9 kobolds
  4 bats
  4 frilled lizards
  4 rats
  A butterfly (D:3)
39 creatures vanquished.

Notes
Turn   | Place    | Note
-------+----------+-------------------------------------------
     0 | D:1      | Mrkan the Gnoll Wanderer began the quest for the Orb.
     0 | D:1      | Mrkan set off with the following items: a +0 falchion, a +2
                  | leather armour, a scroll of teleportation, a +0 dagger, a
                  | ration {!d}
     0 | D:1      | Reached XP level 1. HP: 17/17 MP: 1/1
   522 | D:1      | Reached XP level 2. HP: 23/23 MP: 2/2
  1135 | D:2      | Reached XP level 3. HP: 25/28 MP: 3/3
  1169 | D:2      | Found an opulent altar of Gozag.
  1262 | D:2      | Reached skill level 1 in Long Blades
  1262 | D:2      | Reached skill level 1 in Axes
  1262 | D:2      | Reached skill level 1 in Maces & Flails
  1262 | D:2      | Reached skill level 1 in Polearms
  1262 | D:2      | Reached skill level 1 in Staves
  1262 | D:2      | Reached skill level 1 in Slings
  1262 | D:2      | Reached skill level 1 in Bows
  1262 | D:2      | Reached skill level 1 in Crossbows
  1262 | D:2      | Reached skill level 1 in Armour
  1262 | D:2      | Reached skill level 1 in Shields
  1262 | D:2      | Reached skill level 1 in Unarmed Combat
  1262 | D:2      | Reached skill level 1 in Spellcasting
  1262 | D:2      | Reached skill level 1 in Invocations
  1262 | D:2      | Reached skill level 1 in Evocations
  1295 | D:2      | Reached XP level 4. HP: 26/34 MP: 5/5
  1571 | D:2      | Noticed a phantom
  1977 | D:3      | Found a shimmering altar of Xom.
  2053 | D:3      | Found an ancient bone altar of Kikubaaqudgha.
  2224 | D:3      | Found a runed door.
  2405 | D:3      | Found a glowing golden altar of the Shining One.
  2582 | D:3      | Noticed Crazy Yiuf
  2591 | D:3      | Slain by Crazy Yiuf

Skill      XL: |  1  2  3 |
---------------+----------+-----
Long Blades    | 1 |  1.1
Axes           | 1 |  1.1
Maces & Flails | 1 |  1.1
Polearms       | 1 |  1.1
Staves         | 1 |  1.1
Slings         | 1 |  1.1
Bows           | 1 |  1.1
Crossbows      | 1 |  1.1
Armour         | 1 |  1.1
Shields        | 1 |  1.1
Unarmed Combat | 1 |  1.1
Spellcasting   | 1 |  1.1
Invocations    | 1 |  1.2
Evocations     | 1 |  1.1
Fighting       | |  2.7
Short Blades   | |  6.6
Throwing       | |  4.6
Dodging        | |  4.6
Stealth        | |  4.6
Conjurations   | |  0.8
Hexes          | |  0.8
Charms         | |  0.8
Summonings     | |  0.8
Necromancy     | |  0.8
Translocations | |  0.8
Transmutations | |  0.8
Fire Magic     | |  0.8
Ice Magic      | |  0.8
Air Magic      | |  0.8
Earth Magic    | |  0.8
Poison Magic   | |  0.8

Action                   |  1- 3 |  4- 6 || total
-------------------------+-------+-------++-------
Melee: Dagger            |   122 |   101 ||   223
       Bite              |    12 |     8 ||    20
 Stab: Sleeping          |     3 |       ||     3
  Eat: Chunk             |     1 |     4 ||     5
Armor: Leather armour    |    28 |       ||    28
       Chain mail        |    10 |    30 ||    40
Dodge: Dodged            |    49 |    22 ||    71
Block: Buckler           |    11 |     9 ||    20
       Shield            |       |     4 ||     4
